 Dungeon Crawl Stone Soup version 0.26-a0-547-g695e311587 (webtiles) character file.

Game seed: 2228055368120005904

(classic levelgen) 10403 EnegeticOcto the Severer (level 11, -11/93 HPs)
             Began as a Deep Dwarf Fighter on Aug 20, 2020.
             Was a High Priest of Okawaru.
             Mangled by a freezing wraith (13 damage)
             ... on level 2 of the Abyss.
             The game lasted 00:16:17 (2674 turns).

EnegeticOcto the Severer (Deep Dwarf Fighter)       Turns: 2674, Time: 00:16:18

Health: -11/93     AC: 17    Str: 23    XL:     11   Next: 35%
Magic:  3/3        EV:  4    Int: 14    God:    Okawaru [*****.]
Gold:   367        SH:  9    Dex: 12    Spells: 10/10 levels left

rFire    + + .     SeeInvis .   u - +2 war axe (elec)
rCold    . . .     Faith    +   c - +0 kite shield
rNeg     + . .     Spirit   .   h - +0 plate armour
rPois    .         Reflect  .   t - +2 hat
rElec    .         Harm     .   (no cloak)
rCorr    .                      q - +1 pair of gloves {archery}
MR       +....                  i - +1 pair of boots
Stlth    ..........             f - amulet of faith
HPRegen  0.00/turn              w - ring "Ymomp" {rF++ rN+ Int+5 Stlth+}
MPRegen  0.08/turn              (no ring)

@: non-regenerating, slowed, very slow
A: damage resistance, heal wounds, sense surroundings 2, no regeneration
a: Heal Wounds, Heroism, Finesse, Renounce Religion


You were on level 2 of the Abyss.
You worshipped Okawaru.
Okawaru was extremely pleased with you.
You visited 2 branches of the dungeon, and saw 11 of its levels.
You visited the Abyss 1 time.

You collected 367 gold pieces.

Inventory:

Hand Weapons
 m - a +2 war axe
 n - a +4 flail
 r - a +6 hand axe of venom
 u - a +2 war axe of electrocution (weapon)
Missiles
 v - 4 boomerangs (quivered)
Armour
 b - a +0 scale mail
 c - a +0 kite shield (worn)
 d - a +0 chain mail
 h - a +0 plate armour (worn)
 i - a +1 pair of boots (worn)
 q - a +1 pair of gloves of archery (worn)
 s - a +0 scale mail
 t - a +2 hat (worn)
Jewellery
 a - the amulet "Keullarr" {Faith rN+ Stlth+}
   (You took it off a centaur warrior on level 9 of the Dungeon)

   [amulet of faith]

   It allows you to gain divine favour quickly.
   It protects you from negative energy.
   It makes you more stealthy.
 f - an amulet of faith (around neck)
 w - the ring "Ymomp" (left hand) {rF++ rN+ Int+5 Stlth+}
   (You acquired it on level 10 of the Dungeon)

   [ring of stealth]

   It affects your intelligence (+5).
   It greatly protects you from fire.
   It protects you from negative energy.
   It makes you more stealthy.
Wands
 p - a wand of flame (16) {@v4}
Scrolls
 g - 3 scrolls of remove curse {@r2}
 k - 3 scrolls of identify {@r1}
 o - a scroll of teleportation {@r3 !r}
 x - a scroll of fog {!r}
Potions
 e - a potion of mutation
 j - 3 potions of heal wounds {@q2 !q}
 l - a potion of curing {@q1 !q}


   Skills:
 + Level 4.4 Fighting
 - Level 16.5 Axes
 - Level 3.2 Armour
 - Level 3.2 Shields
 * Level 9.3 Invocations


You had 10 spell levels left.
You didn't know any spells.
Your spell library was empty.

Dungeon Overview and Level Annotations

Branches:
Dungeon (10/15)            Temple (1/1) D:7
   Lair: D:8-11         Orc: D:9-12

Altars:
Ashenzari
Cheibriados
Dithmenos
Elyvilon
Fedhas
Hepliaklqana
Kikubaaqudgha
Makhleb
Nemelex Xobeh
Okawaru
Qazlal
Ru
Uskayaw
Vehumet
Wu Jian
Xom
Yredelemnul
Zin
Jiyva

Annotations:
D:9 exclusion: oklob sapling
D:10 Sonja


Innate Abilities, Weirdness & Mutations

You are resistant to damage.
You can heal yourself by infusing magical energy.
You passively map the area around you.
You do not regenerate.


Message History

The smoke demon is heavily wounded.
The smoke demon barely misses you. You block the smoke demon's attack.
The smoke demon hits you but does no damage.
You hit the smoke demon.
The smoke demon is severely wounded.
The smoke demon gestures at you. The sticky flame hits you. You resist.
You are covered in liquid flames!
You hit the smoke demon but do no damage.
The smoke demon is severely wounded.
You are covered in liquid flames!
You block the smoke demon's attack.
The smoke demon hits you but does no damage. x2
You slice the smoke demon!!
You kill the smoke demon!
Okawaru accepts your kill.
You are covered in liquid flames!
You are covered in liquid flames!
You are covered in liquid flames!
You are covered in liquid flames!
k - 4 scrolls of identify {@r1} (gained 1)
A starcursed mass comes into view.
Found 28 gold pieces.
You now have 339 gold pieces (gained 30).
You now have 367 gold pieces (gained 28).
A white imp comes into view. x2
As you read the scroll of identify {@r1}, it crumbles to dust.
x - a scroll of fog The white imp shouts, "Leave, thou lumpish pigeon-egg bugbear!"
The white imp gestures at you.
The puff of frost hits you but does no damage.
You feel like a meek peon again. The white imp gestures at you.
You block the puff of frost. The white imp gestures at you.
The puff of frost hits you but does no damage.
The white imp gestures at you. The puff of frost hits you!
A spatial vortex comes into view.
You block the spatial maelstrom's attack.
The spatial maelstrom hits you but does no damage.
The freezing wraith hits you but does no damage.
The freezing wraith hits you. The freezing wraith drains your vigour!
You feel yourself slow down.
You hit the freezing wraith but do no damage.
Lightning courses through the freezing wraith!
The freezing wraith is moderately damaged.
You hit the spatial maelstrom. The spatial maelstrom hits you.
Space warps horribly around you!!
You block the spatial maelstrom's attack.
The spatial maelstrom hits you but does no damage.
The spatial maelstrom hits you! Space bends around you.
The freezing wraith hits you. The freezing wraith freezes you!
The freezing wraith hits you but does no damage.
You are too injured to fight recklessly!
You are too injured to fight recklessly!
You are too injured to fight recklessly!
You are too injured to fight recklessly!
You are too injured to fight recklessly!
You are too injured to fight recklessly!
You are too injured to fight recklessly!
You are too injured to fight recklessly!
You are too injured to fight recklessly!
You are too injured to fight recklessly!
You are too injured to fight recklessly!
You are too injured to fight recklessly!
You slash the spatial maelstrom!
The spatial maelstrom is lightly damaged.
You hit the freezing wraith.
Lightning courses through the freezing wraith!!
You block the spatial maelstrom's attack.
The spatial maelstrom hits you.
* * * LOW HITPOINT WARNING * * *
Space warps horribly around you!
* * * LOW HITPOINT WARNING * * *
The freezing wraith hits you but does no damage.
The freezing wraith hits you.
* * * LOW HITPOINT WARNING * * *
The spatial maelstrom hits you but does no damage.
You block the spatial maelstrom's attack.
A spatial vortex comes into view.
The freezing wraith hits you.
* * * LOW HITPOINT WARNING * * *
The freezing wraith freezes you!
* * * LOW HITPOINT WARNING * * *
The freezing wraith hits you but does no damage.
The white imp shouts, "Escape, thou warped mumble-news flim-flammer!"
The freezing wraith hits you but does no damage. x2
A spatial vortex comes into view.
Your plate armour prevents you from hitting the freezing wraith.
The freezing wraith is almost destroyed.
You hit the spatial vortex but do no damage.
You hit the spatial vortex.
The freezing wraith hits you but does no damage. x2 2 spatial vortices come into view.
You hit the freezing wraith but do no damage.
The freezing wraith is almost destroyed.
You slash the spatial vortex! The freezing wraith hits you.
The freezing wraith freezes you!
You die...

# #.## ##
#..####...#
#.#.#.#.# #.#.#...#
## ...##.##.# ##.
.##..... .#.@# # #
#.. .
#...##...Wv#..## #
# .#.#....vv5.....#
..## ##
######v#.....# .
...###..
##........## .
..... .W..v.v.....
.. ## .##..
#..##..##..##..#.
..## .##. ##..##..#
..# .
...................
.#


You could see a spatial maelstrom, 5 spatial vortices, a freezing wraith and a
white imp.

Vanquished Creatures
  Josephine (D:10)
  2 hydras (D:9)
  A centaur warrior (D:9)
  Erica (D:10)
  An unseen horror (D:10)
  A smoke demon (Abyss:2)
  A gargoyle (D:10)
  Psyche (D:9)
  A troll (D:9)
  A hornet (D:7)
  A slime creature (D:10)
  A hippogriff (D:9)
  5 wraiths (D:10)
  A water moccasin (D:10)
  5 orc warriors
  2 ice beasts (D:9)
  3 sky beasts
  An eye of draining (D:9)
  A phantom (D:9)
  A necrophage (D:10)
  2 centaurs
  8 ogres
  A big kobold (D:7)
  4 bullfrogs
  2 scorpions
  A killer bee (D:9)
  15 wights (D:9)
  2 hounds
  7 jellies
  3 orc priests
  A centaur skeleton (D:4)
  2 orc wizards
  A bullfrog skeleton (D:8)
  5 iguanas
  5 worker ants
  A centaur simulacrum (D:9)
  A howler monkey skeleton (D:10)
  7 gnolls (D:3)
  7 adders
  2 shadow imps
  2 ufetubi (D:7)
  An adder zombie (D:7)
  3 worms
  2 dart slugs (D:1)
  4 leopard geckos
  17 orcs
  3 ball pythons
  2 bats
  4 giant cockroaches
  A goblin (D:2)
  2 hobgoblins (D:3)
  6 quokkas
  A frilled lizard (D:1)
  12 kobolds
  3 rats
172 creatures vanquished.

Notes
Turn   | Place    | Note
-------+----------+-------------------------------------------
     0 | D:1      | EnegeticOcto the Deep Dwarf Fighter began the quest for the
                  | Orb.
     0 | D:1      | Reached XP level 1. HP: 20/20 MP: 1/1
   134 | D:2      | Reached skill level 3 in Axes
   135 | D:2      | Reached XP level 2. HP: 22/27 MP: 2/2
   335 | D:3      | Reached skill level 4 in Axes
   335 | D:3      | Reached XP level 3. HP: 31/33 MP: 3/3
   378 | D:3      | Your magical essence is drained by the effort!
   379 | D:3      | Reached XP level 4. HP: 40/40 MP: 3/3
   383 | D:3      | Reached skill level 5 in Axes
   442 | D:4      | Reached XP level 5. HP: 34/46 MP: 4/4
   457 | D:4      | Reached skill level 6 in Axes
   472 | D:4      | Noticed an ogre
   475 | D:5      | Entered Level 5 of the Dungeon
   510 | D:5      | Noticed a sky beast
   539 | D:5      | Killed a sky beast
   539 | D:5      | Reached skill level 7 in Axes
   539 | D:5      | Reached XP level 6. HP: 30/55 MP: 5/5
   776 | D:6      | Reached skill level 8 in Axes
   815 | D:6      | Reached XP level 7. HP: 39/61 MP: 6/6
   883 | D:7      | Reached skill level 9 in Axes
   934 | D:7      | Found a staircase to the Ecumenical Temple.
   938 | D:7      | Noticed a hornet
   941 | D:7      | Your magical essence is drained by the effort!
   947 | D:7      | Paralysed by a hornet for 3 turns
   951 | D:7      | Paralysed by a hornet for 1 turns
   952 | D:7      | Your magical essence is drained by the effort!
   964 | D:7      | Paralysed by a hornet for 3 turns
   968 | D:7      | Killed a hornet
   972 | Temple   | Entered the Ecumenical Temple
   979 | Temple   | Became a worshipper of Warmaster Okawaru
   993 | D:7      | Found a blossoming altar of Fedhas.
  1039 | D:8      | Reached skill level 1 in Invocations
  1114 | D:8      | Reached skill level 10 in Axes
  1167 | D:8      | Reached * piety under Okawaru
  1167 | D:8      | Reached skill level 2 in Invocations
  1167 | D:8      | Reached XP level 8. HP: 42/68 MP: 6/6
  1222 | D:9      | Noticed a troll
  1230 | D:9      | Killed a troll
  1230 | D:9      | Reached skill level 3 in Invocations
  1247 | D:9      | Reached skill level 4 in Invocations
  1251 | D:9      | Reached skill level 11 in Axes
  1255 | D:9      | Your magical essence is drained by the effort!
  1266 | D:9      | Reached ** piety under Okawaru
  1299 | D:9      | Reached skill level 5 in Invocations
  1391 | D:9      | Your magical essence is drained by the effort!
  1446 | D:9      | Gained mutation: You passively map the area around you.
                  | [Deep Dwarf growth]
  1446 | D:9      | Reached XP level 9. HP: 41/74 MP: 8/8
  1447 | D:9      | Your magical essence is drained by the effort!
  1478 | D:9      | Reached skill level 12 in Axes
  1478 | D:9      | Reached skill level 6 in Invocations
  1485 | D:9      | Reached *** piety under Okawaru
  1600 | D:9      | Noticed a six-headed hydra
  1601 | D:9      | Noticed a seven-headed hydra
  1601 | D:9      | Identified the amulet "Keullarr" {Faith rN+ Stlth+}
  1601 | D:9      | Noticed a centaur warrior
  1652 | D:9      | Your magical essence is drained by the effort!
  1675 | D:9      | Reached skill level 13 in Axes
  1776 | D:9      | Noticed Psyche
  1786 | D:9      | Killed Psyche
  1786 | D:9      | Reached **** piety under Okawaru
  1794 | D:10     | Entered Level 10 of the Dungeon
  1805 | D:9      | Reached skill level 14 in Axes
  1911 | D:9      | Your magical essence is drained by the effort!
  1968 | D:9      | Your magical essence is drained by the effort!
  1975 | D:9      | Your magical essence is drained by the effort!
  1987 | D:9      | Killed a seven-headed hydra
  1987 | D:9      | Reached XP level 10. HP: 65/81 MP: 4/4
  1991 | D:9      | Your magical essence is drained by the effort!
  2002 | D:9      | Killed a centaur warrior
  2002 | D:9      | Reached ***** piety under Okawaru
  2002 | D:9      | Reached skill level 15 in Axes
  2181 | D:9      | Killed a six-headed hydra
  2181 | D:9      | Received a gift from Okawaru
  2221 | D:9      | Identified Soaleim's Disquisition on Harmful Displacement
  2350 | D:10     | Noticed a gargoyle
  2357 | D:10     | Killed a gargoyle
  2358 | D:10     | Reached skill level 16 in Axes
  2360 | D:10     | Your magical essence is drained by the effort!
  2365 | D:10     | Killed an unseen horror
  2384 | D:10     | Your magical essence is drained by the effort!
  2398 | D:10     | Noticed Josephine
  2414 | D:10     | Killed Josephine
  2414 | D:10     | Reached skill level 3 in Fighting
  2414 | D:10     | Reached skill level 7 in Invocations
  2414 | D:10     | Reached XP level 11. HP: 29/90 MP: 1/3
  2422 | D:10     | Your magical essence is drained by the effort!
  2483 | D:10     | Reached skill level 8 in Invocations
  2500 | D:10     | Found a viscous altar of Jiyva.
  2515 | D:10     | Noticed Erica
  2518 | D:10     | Your magical essence is drained by the effort!
  2533 | D:10     | Killed Erica
  2533 | D:10     | Reached skill level 4 in Fighting
  2554 | D:10     | Identified a scroll of acquirement
  2554 | D:10     | Acquired the ring "Ymomp" {rF++ rN+ Int+5 Stlth+}
  2562 | D:10     | Reached skill level 9 in Invocations
  2581 | D:10     | Noticed Sonja
  2593 | D:10     | Cast into level 2 of the Abyss (Sonja)
  2631 | Abyss:2  | Noticed a starcursed mass
  2666 | Abyss:2  | Noticed a spatial maelstrom
  2672 | Abyss:2  | HP: 2/93 [freezing wraith (9)]
  2674 | Abyss:2  | Mangled by a freezing wraith

Illustrated notes

Levels and vault maps discovered:
D:1:      sevenhm_arrival_forest_fort_small_3, layout_basic
D:2:      minmay_chambers_of_ones, layout_rooms, bloody_trog, elyvilon_altar_1,
          uniq_crazy_yiuf_cottage
D:3:      layout_basic, gammafunk_temple_overflow_elements,
          nicolae_ru_great_annihilating_truth
D:4:      layout_basic, uniq_ijyb
D:5:      wad_lake_hut, layout_loops_ring, basic_altar
D:6:      layout_loops_corners
D:7:      layout_rooms, nicolae_tso_carved_into_rock,
          minmay_temple_entry_statues, nicolae_benzene_ring, fedhas_altar_1
D:8:      layout_rooms
D:9:      minmay_the_grid_triangle_9x9_rhombus_full
          [minmay_the_grid_triangle_9x9_empty,
          minmay_the_grid_triangle_9x9_minimal,
          minmay_the_grid_triangle_9x9_swiss_cheese,
          minmay_the_grid_triangle_9x9_sparse_checkered,
          minmay_the_grid_triangle_9x9_skeleton,
          minmay_the_grid_triangle_9x9_checkered,
          minmay_the_grid_triangle_9x9_limited_checkers,
          minmay_the_grid_triangle_9x9_prize_center], layout_rooms,
          moated_statue, introduction_to_nature_2, uniq_psyche
D:10:     layout_big_octagon, jiyva_altar_1, uniq_josephine, uniq_erica,
          uniq_sonja
Temple:   nicolae_temple_no_exploring_needed
Abyss:2:  base:
D:2

Skill      XL: |  1  2  3  4  5  6  7  8  9 10 11 |
---------------+----------------------------------+-----
Axes           | 3 4 5 7 8 10 11 14 16 | 16.5
Invocations    | 2 5 6 7 9 |  9.3
Fighting       | 3 4 |  4.4
Armour         | |  3.2
Shields        | |  3.2

Action                   |  1- 3 |  4- 6 |  7- 9 | 10-12 || total
-------------------------+-------+-------+-------+-------++-------
Melee: War axe           |    65 |    93 |   280 |   137 ||   575
       Unarmed           |       |       |    14 |     4 ||    18
       Flail             |       |       |       |    17 ||    17
Throw: Boomerang         |       |       |       |     4 ||     4
       Dart              |       |       |       |     3 ||     3
Invok: Heroism           |       |       |     6 |     5 ||    11
 Abil: Heal Wounds       |     4 |     5 |    30 |    12 ||    51
Evoke: Wand              |       |       |     2 |     2 ||     4
  Use: Scroll            |       |     9 |     3 |     5 ||    17
       Potion            |       |       |     2 |       ||     2
Armor: Scale mail        |    52 |    36 |    44 |       ||   132
       Chain mail        |       |       |    43 |       ||    43
       Skin              |       |       |    90 |    12 ||   102
       Plate armour      |       |       |    46 |   110 ||   156
Dodge: Dodged            |    35 |    27 |    77 |    24 ||   163
Block: Kite shield       |    58 |    45 |   216 |    82 ||   401

Table legend: (Time is in decaauts)
 A = Elapsed time spent in this place.
 B = Non-inter-level travel time spent in this place.
 C = Inter-level travel time spent in this place.
 D = Time resting spent in this place.
 E = Time spent auto-exploring this place.
 F = Levels seen in this place.
 G = Mean time per level.
                   A        B        C        D        E       F      G
               +--------+--------+--------+--------+--------+-----+--------+
         Total |   2784 |   2539 |    245 |      0 |      0 |  12 |  232.0 |
       Dungeon |   2678 |   2433 |    245 |      0 |      0 |  10 |  267.8 |
        Temple |     21 |     21 |      0 |      0 |      0 |   1 |   21.0 |
         Abyss |     84 |     84 |      0 |      0 |      0 |   1 |   84.0 |
               +--------+--------+--------+--------+--------+-----+--------+

Top non-repeatable levels by time:
     D:9: 1071 daAuts
    D:10: 293 daAuts
     D:5: 223 daAuts
     D:7: 197 daAuts
     D:6: 191 daAuts
     D:8: 190 daAuts
     D:1: 178 daAuts
     D:2: 164 daAuts
     D:3: 85 daAuts
 Abyss:2: 84 daAuts
     D:4: 83 daAuts
  Temple: 21 daAuts
